| TOP OF THE 1ST |
|
Salem Rebels batting - Pitching for Rocky Mount Leafs : RHP Greg Hughes
|
|
Pitching: RHP Greg Hughes
|
|
|
Batting: LHB John Gibbons
|
0-0: Ball 1-0: TRIPLE (Flyball, 89XD, EV 110.0 MPH)
|
|
Batting: RHB Daniel Szajko
|
0-0: Called Strike 0-1: Fly out, F8 (Line Drive, 8RM, EV 95.6 MPH) Runner from 3rd tags up, SCORES, no throw by CF
|
|
Batting: LHB Thomas Krupa
|
0-0: Foul Ball, location: 2F 0-1: Called Strike 0-2: Fly out, F8 (Flyball, 8LM, EV 92.5 MPH)
|
|
Batting: RHB Jorge Monroig
|
0-0: Ball 1-0: Foul Ball, location: 2F 1-1: Swinging Strike 1-2: Ball 2-2: Foul Ball, location: 2F 2-2: Strikes out swinging
|
| Top of the 1st over - 1 run, 1 hit, 0 errors, 0 left on base; Salem 1 - Rocky Mount 0 |
| BOTTOM OF THE 1ST |
|
Rocky Mount Leafs batting - Pitching for Salem Rebels : RHP Elwaine Hardtke
|
|
Pitching: RHP Elwaine Hardtke
|
|
|
Batting: LHB Oscar Ramirez
|
0-0: Called Strike 0-1: Ball 1-1: Foul Ball, location: 2F 1-2: Foul Ball, location: 2F 1-2: Fly out, F9 (Flyball, 89D, EV 100.0 MPH)
|
|
Batting: RHB Alex Sanchez
|
0-0: Called Strike 0-1: Ball 1-1: Ground out 6-3 (Groundball, 6, EV 84.4 MPH)
|
|
Batting: LHB Larry Ray
|
0-0: Called Strike 0-1: Ball 1-1: SINGLE (Flyball, 8LS, EV 83.8 MPH)
|
|
Batting: RHB Joseph Scherger
|
0-0: Called Strike 0-1: Ball 1-1: Fly out, F3 (Popup, 34S, EV 71.9 MPH)
|
| Bottom of the 1st over - 0 runs, 1 hit, 0 errors, 1 left on base; Salem 1 - Rocky Mount 0 |
| TOP OF THE 2ND |
|
Salem Rebels batting - Pitching for Rocky Mount Leafs : RHP Greg Hughes
|
|
Batting: RHB Robert O'Connor
|
0-0: Called Strike 0-1: Ball 1-1: SINGLE (Groundball, 5D, EV 102.5 MPH)
|
|
Batting: RHB Melvin Williams
|
0-0: Ball 1-0: Foul Ball, location: 2F 1-1: Ball 2-1: Ground out 4-3 (Groundball, 34, EV 89.4 MPH) Robert O'Connor to second
|
|
Batting: RHB Gary Leslie
|
0-0: Called Strike 0-1: Ground out U3 (Groundball, 34S, EV 88.8 MPH) Robert O'Connor to third
|
|
Batting: SHB Rodrigo Bellony
|
0-0: Ball 1-0: Ball 2-0: Ground out 1-3 (Groundball, 13S, EV 76.9 MPH)
|
| Top of the 2nd over - 0 runs, 1 hit, 0 errors, 1 left on base; Salem 1 - Rocky Mount 0 |
| BOTTOM OF THE 2ND |
|
Rocky Mount Leafs batting - Pitching for Salem Rebels : RHP Elwaine Hardtke
|
|
Batting: RHB Glen Bockhorn
|
0-0: Ball 1-0: Foul Ball, location: 2F 1-1: Swinging Strike 1-2: Ball 2-2: Foul Ball, location: 2F 2-2: Ball 3-2: Base on Balls
|
|
Batting: RHB Sergio Loya
|
0-0: Called Strike 0-1: Ball 1-1: Ball 2-1: SINGLE (Groundball, 13S, EV 63.1 MPH) (infield hit) Glen Bockhorn to second
|
|
Batting: RHB Jim McArdle
|
0-0: Foul Ball, location: 2F 0-1: Ball 1-1: Foul Ball, location: 2F 1-2: Foul Ball, location: 2F 1-2: Ball 2-2: Grounds into double play, 2-4-3 (Groundball, 2L, EV 65.6 MPH) Glen Bockhorn to third
|
|
Batting: RHB Todd Cruz
|
0-0: Called Strike 0-1: Fly out, F7 (Line Drive, 7D, EV 89.4 MPH)
|
| Bottom of the 2nd over - 0 runs, 1 hit, 0 errors, 1 left on base; Salem 1 - Rocky Mount 0 |
| TOP OF THE 3RD |
|
Salem Rebels batting - Pitching for Rocky Mount Leafs : RHP Greg Hughes
|
|
Batting: RHB Mark Krynitsky
|
0-0: Called Strike 0-1: Swinging Strike 0-2: Foul Ball, location: 2F 0-2: Strikes out looking
|
|
Batting: LHB John Gibbons
|
0-0: Ball 1-0: Swinging Strike 1-1: DOUBLE (Line Drive, 89M, EV 98.8 MPH)
|
|
Batting: RHB Daniel Szajko
|
0-0: Ball 1-0: Ball 2-0: Foul Ball, location: 2F 2-1: Fly out, F7 (Line Drive, 7, EV 96.3 MPH)
|
|
Batting: LHB Thomas Krupa
|
0-0: Foul Ball, location: 2F 0-1: Ball 1-1: Foul Ball, location: 2F 1-2: Ground out 4-3 (Groundball, 4, EV 79.4 MPH)
|
| Top of the 3rd over - 0 runs, 1 hit, 0 errors, 1 left on base; Salem 1 - Rocky Mount 0 |
| BOTTOM OF THE 3RD |
|
Rocky Mount Leafs batting - Pitching for Salem Rebels : RHP Elwaine Hardtke
|
|
Batting: RHB Emmanuel Sanchez
|
0-0: Ball 1-0: Foul Ball, location: 2F 1-1: Foul Ball, location: 2F 1-2: SINGLE (Groundball, 3D, EV 98.1 MPH)
|
|
Batting: LHB Oscar Ramirez
|
0-0: Ball 1-0: Called Strike 1-1: Ground out U3 (Groundball, 34S, EV 73.8 MPH) Emmanuel Sanchez to second
|
|
Batting: RHB Alex Sanchez
|
0-0: Ball 1-0: Called Strike 1-1: SINGLE (Groundball, P, EV 81.3 MPH) (infield hit) Emmanuel Sanchez to third
|
|
Batting: LHB Larry Ray
|
0-0: Ball 1-0: 3-RUN HOME RUN (Line Drive, 8LXD, EV 101.9 MPH), Distance : 441 ft
|
|
Batting: RHB Joseph Scherger
|
0-0: Ball 1-0: Ball 2-0: Called Strike 2-1: Ball 3-1: Base on Balls
|
|
Batting: RHB Glen Bockhorn
|
0-0: Called Strike 0-1: Ball 1-1: Fly out, F9 (Flyball, 9D, EV 84.4 MPH)
|
|
Batting: RHB Sergio Loya
|
0-0: Ball 1-0: Ball 2-0: Ball 3-0: Base on Balls Joseph Scherger to second
|
|
Batting: RHB Jim McArdle
|
0-0: Ball 1-0: Foul Ball, location: 2F 1-1: Foul Ball, location: 2F 1-2: Ball 2-2: Strikes out swinging
|
| Bottom of the 3rd over - 3 runs, 3 hits, 0 errors, 2 left on base; Salem 1 - Rocky Mount 3 |
| TOP OF THE 4TH |
|
Salem Rebels batting - Pitching for Rocky Mount Leafs : RHP Greg Hughes
|
|
Batting: RHB Jorge Monroig
|
0-0: Ball 1-0: Ball 2-0: Called Strike 2-1: Ball 3-1: Ground out 4-3 (Groundball, 4M, EV 106.3 MPH)
|
|
Batting: RHB Robert O'Connor
|
0-0: Fly out, F4 (Popup, 13, EV 68.1 MPH)
|
|
Batting: RHB Melvin Williams
|
0-0: Called Strike 0-1: Fly out, F3 (Popup, 3F, EV 64.4 MPH)
|
| Top of the 4th over - 0 runs, 0 hits, 0 errors, 0 left on base; Salem 1 - Rocky Mount 3 |
| BOTTOM OF THE 4TH |
|
Rocky Mount Leafs batting - Pitching for Salem Rebels : RHP Elwaine Hardtke
|
|
Batting: RHB Todd Cruz
|
0-0: Ball 1-0: Ball 2-0: Foul Ball, location: 2F 2-1: SINGLE (Line Drive, 9S, EV 110.0 MPH)
|
|
Batting: RHB Emmanuel Sanchez
|
0-0: Ball 1-0: Swinging Strike 1-1: Ball 2-1: Foul Ball, location: 2F 2-2: Ball 3-2: Grounds into double play, 4-6-3 (Groundball, 34, EV 102.5 MPH)
|
|
Batting: LHB Oscar Ramirez
|
0-0: Swinging Strike 0-1: Ground out 4-3 (Groundball, 4S, EV 81.9 MPH)
|
| Bottom of the 4th over - 0 runs, 1 hit, 0 errors, 0 left on base; Salem 1 - Rocky Mount 3 |
| TOP OF THE 5TH |
|
Salem Rebels batting - Pitching for Rocky Mount Leafs : RHP Greg Hughes
|
|
Batting: RHB Gary Leslie
|
0-0: Reached on error, E3 (Groundball, 34S, EV 86.3 MPH)
|
|
Batting: SHB Rodrigo Bellony
|
0-0: Ball 1-0: Foul Ball, location: 2F 1-1: SINGLE (Groundball, 3D, EV 96.9 MPH) Gary Leslie to second Runner from 2nd tries for 3rd, SAFE, throw by RF made to third
|
|
Batting: RHB Mark Krynitsky
|
0-0: Grounds into double play, 5-4-3 (Groundball, 56, EV 89.4 MPH) Gary Leslie scores
|
|
Batting: LHB John Gibbons
|
0-0: Called Strike 0-1: Swinging Strike 0-2: Ball 1-2: Foul Ball, location: 2F 1-2: Ball 2-2: Foul Ball, location: 2F 2-2: Foul Ball, location: 2F 2-2: Foul Ball, location: 2F 2-2: Ground out 4-3 (Groundball, 4M, EV 104.4 MPH)
|
| Top of the 5th over - 1 run, 1 hit, 1 error, 0 left on base; Salem 2 - Rocky Mount 3 |
| BOTTOM OF THE 5TH |
|
Rocky Mount Leafs batting - Pitching for Salem Rebels : RHP Elwaine Hardtke
|
|
Batting: RHB Alex Sanchez
|
0-0: Fly out, F8 (Flyball, 89D, EV 94.4 MPH)
|
|
Batting: LHB Larry Ray
|
0-0: Foul Ball, location: 2F 0-1: Ball 1-1: Fly out, F7 (Flyball, 7S, EV 83.1 MPH)
|
|
Batting: RHB Joseph Scherger
|
0-0: Ball 1-0: Swinging Strike 1-1: SINGLE (Groundball, 6MS, EV 71.3 MPH) (infield hit)
|
|
Batting: RHB Glen Bockhorn
|
0-0: Called Strike 0-1: Ball 1-1: Swinging Strike 1-2: Ball 2-2: Ball 3-2: Fly out, F3 (Popup, 34, EV 64.4 MPH)
|
| Bottom of the 5th over - 0 runs, 1 hit, 0 errors, 1 left on base; Salem 2 - Rocky Mount 3 |
| TOP OF THE 6TH |
|
Salem Rebels batting - Pitching for Rocky Mount Leafs : RHP Greg Hughes
|
|
Batting: RHB Daniel Szajko
|
0-0: Ball 1-0: Foul Ball, location: 2F 1-1: Ball 2-1: Ball 3-1: Fly out, F9 (Flyball, 9, EV 82.5 MPH)
|
|
Batting: LHB Thomas Krupa
|
0-0: Called Strike 0-1: Ball 1-1: Fly out, F7 (Flyball, 7, EV 75.0 MPH)
|
|
Batting: RHB Jorge Monroig
|
0-0: Ball 1-0: Foul Ball, location: 2F 1-1: SINGLE (Groundball, 4D, EV 101.9 MPH)
|
|
Batting: RHB Robert O'Connor
|
0-0: Ball 1-0: Fly out, F9 (Flyball, 9, EV 77.5 MPH)
|
| Top of the 6th over - 0 runs, 1 hit, 0 errors, 1 left on base; Salem 2 - Rocky Mount 3 |
| BOTTOM OF THE 6TH |
|
Rocky Mount Leafs batting - Pitching for Salem Rebels : RHP Elwaine Hardtke
|
|
Batting: RHB Sergio Loya
|
0-0: Ball 1-0: Ball 2-0: Foul Ball, location: 2F 2-1: Ball 3-1: Swinging Strike 3-2: Ground out 3-1 (Groundball, 34, EV 88.8 MPH)
|
|
Batting: RHB Jim McArdle
|
0-0: Ball 1-0: Fly out, F8 (Flyball, 89D, EV 108.1 MPH)
|
|
Batting: RHB Todd Cruz
|
0-0: Ball 1-0: Fly out, F8 (Flyball, 8RD, EV 95.0 MPH)
|
| Bottom of the 6th over - 0 runs, 0 hits, 0 errors, 0 left on base; Salem 2 - Rocky Mount 3 |
| TOP OF THE 7TH |
|
Salem Rebels batting - Pitching for Rocky Mount Leafs : RHP Greg Hughes
|
|
Batting: RHB Melvin Williams
|
0-0: Foul Ball, location: 2F 0-1: Swinging Strike 0-2: Strikes out swinging
|
|
Batting: RHB Gary Leslie
|
0-0: Ball 1-0: Foul Ball, location: 2F 1-1: Foul Ball, location: 2F 1-2: Strikes out swinging
|
|
Batting: SHB Rodrigo Bellony
|
0-0: Called Strike 0-1: Ball 1-1: Ball 2-1: Foul Ball, location: 2F 2-2: Ball 3-2: Foul Ball, location: 2F 3-2: Foul Ball, location: 2F 3-2: Strikes out looking
|
| Top of the 7th over - 0 runs, 0 hits, 0 errors, 0 left on base; Salem 2 - Rocky Mount 3 |
| BOTTOM OF THE 7TH |
|
Rocky Mount Leafs batting - Pitching for Salem Rebels : RHP Elwaine Hardtke
|
|
Batting: RHB Emmanuel Sanchez
|
0-0: Ball 1-0: Ball 2-0: Fly out, F7 (Flyball, 7S, EV 68.1 MPH)
|
|
Batting: LHB Oscar Ramirez
|
0-0: Ground out 4-3 (Groundball, 4, EV 82.5 MPH)
|
|
Batting: RHB Alex Sanchez
|
0-0: Called Strike 0-1: SINGLE (Groundball, 5S, EV 61.9 MPH) (infield hit)
|
|
Batting: LHB Larry Ray
|
0-0: Ball 1-0: Swinging Strike 1-1: Ball 2-1: Foul Ball, location: 2F 2-2: Foul Ball, location: 2F 2-2: Foul Ball, location: 2F 2-2: Fly out, F7 (Flyball, 7LM, EV 89.4 MPH)
|
| Bottom of the 7th over - 0 runs, 1 hit, 0 errors, 1 left on base; Salem 2 - Rocky Mount 3 |
| TOP OF THE 8TH |
|
Salem Rebels batting - Pitching for Rocky Mount Leafs : RHP Greg Hughes
|
|
Batting: RHB Mark Krynitsky
|
0-0: Ball 1-0: Ball 2-0: Foul Ball, location: 2F 2-1: Ground out 4-3 (Groundball, 4M, EV 107.5 MPH)
|
|
Batting: LHB John Gibbons
|
0-0: Called Strike 0-1: Ground out 6-3 (Groundball, 56S, EV 70.0 MPH)
|
|
Batting: RHB Daniel Szajko
|
0-0: Ball 1-0: Swinging Strike 1-1: Ball 2-1: Swinging Strike 2-2: Strikes out looking
|
| Top of the 8th over - 0 runs, 0 hits, 0 errors, 0 left on base; Salem 2 - Rocky Mount 3 |
| BOTTOM OF THE 8TH |
|
Rocky Mount Leafs batting - Pitching for Salem Rebels : RHP Elwaine Hardtke
|
|
Batting: RHB Joseph Scherger
|
0-0: Ball 1-0: Ball 2-0: Called Strike 2-1: Foul Ball, location: 2F 2-2: Ball 3-2: Strikes out swinging
|
|
Batting: RHB Glen Bockhorn
|
0-0: Called Strike 0-1: Ball 1-1: Ball 2-1: Called Strike 2-2: Foul Ball, location: 2F 2-2: SINGLE (Groundball, 6MD, EV 103.1 MPH)
|
|
Batting: RHB Sergio Loya
|
0-0: Called Strike 0-1: Foul Ball, location: 2F 0-2: Ball 1-2: DOUBLE (Line Drive, 7LM, EV 113.1 MPH) Glen Bockhorn to third Runner from 3rd tries for Home, throw by LF and OUT! 7-6-2
|
|
Batting: RHB Jim McArdle
|
0-0: Called Strike 0-1: Ball 1-1: Ball 2-1: Ball 3-1: Base on Balls
|
|
Batting: RHB Todd Cruz
|
0-0: Called Strike 0-1: Swinging Strike 0-2: Strikes out swinging
|
| Bottom of the 8th over - 0 runs, 2 hits, 0 errors, 2 left on base; Salem 2 - Rocky Mount 3 |
| TOP OF THE 9TH |
|
Salem Rebels batting - Pitching for Rocky Mount Leafs : RHP Greg Hughes
|
|
Pitching: RHP Edgar Cruz
|
|
|
Batting: LHB Thomas Krupa
|
0-0: Ball 1-0: Called Strike 1-1: Called Strike 1-2: Strikes out looking
|
|
Batting: RHB Jorge Monroig
|
0-0: Ball 1-0: SOLO HOME RUN (Flyball, 78XD, EV 90.0 MPH), Distance : 406 ft
|
|
Batting: RHB Robert O'Connor
|
0-0: Called Strike 0-1: Ball 1-1: Ball 2-1: DOUBLE (Flyball, 89XD, EV 109.4 MPH)
|
|
Batting: RHB Melvin Williams
|
0-0: Foul Ball, location: 2F 0-1: Ball 1-1: Ball 2-1: Swinging Strike 2-2: Strikes out swinging
|
|
Batting: RHB Gary Leslie
|
0-0: Ball 1-0: Ball 2-0: Swinging Strike 2-1: Ball 3-1: Base on Balls
|
|
Batting: SHB Rodrigo Bellony
|
0-0: Ball 1-0: Called Strike 1-1: Ball 2-1: Reached on error, E5 (Groundball, 5, EV 100.6 MPH) Robert O'Connor to third Gary Leslie to second
|
|
Pinch Hitting: RHB Dennis Cleveland
|
0-0: Ball 1-0: Swinging Strike 1-1: Ball 2-1: Called Strike 2-2: Foul Ball, location: 2F 2-2: Ball 3-2: Strikes out looking
|
| Top of the 9th over - 1 run, 2 hits, 1 error, 3 left on base; Salem 3 - Rocky Mount 3 |
| BOTTOM OF THE 9TH |
|
Rocky Mount Leafs batting - Pitching for Salem Rebels : RHP Elwaine Hardtke
|
|
Now at C: Dwayne Wright
|
|
|
Pinch Hitting: RHB James Camacho
|
0-0: Ball 1-0: Fly out, F7 (Flyball, 78D, EV 101.3 MPH)
|
|
Batting: LHB Oscar Ramirez
|
0-0: Ball 1-0: Called Strike 1-1: Fly out, F4 (Flyball, 4MD, EV 85.6 MPH)
|
|
Batting: RHB Alex Sanchez
|
0-0: Called Strike 0-1: Foul Ball, location: 2F 0-2: Ball 1-2: Foul Ball, location: 2F 1-2: Ball 2-2: Foul Ball, location: 2F 2-2: Ball 3-2: Ground out 6-3 (Groundball, 6, EV 81.9 MPH)
|
| Bottom of the 9th over - 0 runs, 0 hits, 0 errors, 0 left on base; Salem 3 - Rocky Mount 3 |
| TOP OF THE 10TH |
|
Salem Rebels batting - Pitching for Rocky Mount Leafs : RHP Edgar Cruz
|
|
Pitching: RHP Ramon Murillo
|
|
|
Now at C: Blane McDonald
|
|
|
Batting: LHB John Gibbons
|
0-0: Foul Ball, location: 2F 0-1: Ball 1-1: Ball 2-1: Foul Ball, location: 2F 2-2: Ball 3-2: Base on Balls
|
|
Batting: RHB Daniel Szajko
|
0-0: Ball 1-0: Sac Bunt to 13S - play at first, batter safe! John Gibbons to second
|
|
Batting: LHB Thomas Krupa
|
0-0: Ball 1-0: Called Strike 1-1: Swinging Strike 1-2: Strikes out looking
|
|
Batting: RHB Jorge Monroig
|
0-0: Called Strike 0-1: Swinging Strike 0-2: Strikes out looking
|
|
Batting: RHB Robert O'Connor
|
0-0: Foul Ball, location: 2F 0-1: Ball 1-1: Ball 2-1: Foul Ball, location: 2F 2-2: Ground out 4-3 (Groundball, 4, EV 86.9 MPH)
|
| Top of the 10th over - 0 runs, 1 hit, 0 errors, 2 left on base; Salem 3 - Rocky Mount 3 |
| BOTTOM OF THE 10TH |
|
Rocky Mount Leafs batting - Pitching for Salem Rebels : RHP Elwaine Hardtke
|
|
Pitching: RHP Timothy Justus
|
|
|
Batting: LHB Larry Ray
|
0-0: Swinging Strike 0-1: Ball 1-1: Ball 2-1: Swinging Strike 2-2: Ball 3-2: Foul Ball, location: 2F 3-2: Foul Ball, location: 2F 3-2: Base on Balls
|
|
Batting: RHB Joseph Scherger
|
0-0: Ball 1-0: Ball 2-0: Ball 3-0: Called Strike 3-1: 2-RUN HOME RUN (Flyball, 8LXD, EV 93.1 MPH), Distance : 438 ft
|
| Bottom of the 10th over - 2 runs, 1 hit, 0 errors, 0 left on base; Salem 3 - Rocky Mount 5 |
|